 Dungeon Crawl Stone Soup version 0.29-a0-823-gc37b1572da (webtiles) character file.

Game seed: 141603701343130725

685 hquester1 the Trooper (level 7, 0/70 HPs)
             Began as a Troll Fighter on July 8, 2022.
             Slain by an orc
             ... wielding a +0 war axe
              (6 damage)
             ... on level 5 of the Dungeon.
             The game lasted 00:09:41 (2852 turns).

hquester1 the Trooper (Troll Fighter)               Turns: 2852, Time: 00:09:43

Health: 0/70       AC: 11    Str: 25    XL:     7   Next: 35%
Magic:  6/6        EV: 10    Int:  4    God:
Gold:   199        SH:  9    Dex: 17    Spells: 6/6 levels left

rFire   . . .      SeeInvis .     - Unarmed
rCold   + . .      Faith    .   b - +0 kite shield
rNeg    . . .      Spirit   .   n - +2 robe {rC+}
rPois   .          Reflect  .   (helmet restricted)
rElec   .          Harm     .   x - +0 cloak
rCorr   .          Rampage  .   (gloves unavailable)
Will    .....                   (boots unavailable)
Stlth   ++........              A - amulet of the acrobat
HPRegen 1.01/turn               q - +4 ring of protection
MPRegen 0.10/turn               y - +6 ring of dexterity

@: no status effects
A: large, unfitting armour, claws 3, regeneration 1, shaggy fur 1, tough skin 1
a: no special abilities


You were on level 5 of the Dungeon.
You visited 1 branch of the dungeon, and saw 5 of its levels.

You collected 199 gold pieces.

Inventory:

Hand Weapons
 j - a +0 war axe
 u - a +0 morningstar
Missiles
 h - 37 stones (quivered)
Armour
 b - a +0 kite shield (worn)
 n - a +2 robe of cold resistance (worn)
 x - a +0 cloak (worn)
 C - a scarf of resistance
Jewellery
 q - a +4 ring of protection (left claw)
 y - a +6 ring of dexterity (right claw)
 A - an amulet of the acrobat (around neck)
Wands
 m - a wand of digging (9)
 t - a wand of quicksilver (8)
 B - a wand of charming (8)
Scrolls
 a - 2 scrolls of magic mapping
 d - a scroll of noise {unknown}
 g - a scroll of amnesia {unknown}
 i - 3 scrolls of teleportation
 s - 2 scrolls of torment {unknown}
 z - a scroll of blinking {unknown}
Potions
 c - a potion of might
 e - 5 potions of curing
 f - a potion of lignification
 k - a potion of flight
 l - a potion of mutation {unknown}
 o - 2 potions of heal wounds {unknown}
 p - 2 potions of cancellation {unknown}
 r - a potion of brilliance {unknown}
 v - a potion of invisibility {unknown}
 w - a potion of haste {unknown}


   Skills:
 * Level 4.0 Fighting
 + Level 1.6 Maces & Flails
 + Level 2.4 Throwing
 + Level 2.1 Armour
 + Level 3.4 Dodging
 + Level 3.8 Shields
 + Level 3.5 Unarmed Combat


You had 6 spell levels left.
You didn't know any spells.
Your spell library contained the following spells:

 Spells                   Type           Power      Damage    Failure   Level
 Apportation              Tloc           0%         N/A       80%         1
 Necrotise                Necr           0%         1d4       80%         1
 Summon Small Mammal      Summ           0%         N/A       80%         1


Dungeon Overview and Level Annotations

Branches:
Dungeon (5/15)
 Temple: D:4-7

Altars:
Fedhas
Yredelemnul
The Shining One


Innate Abilities, Weirdness & Mutations

You are too large for most types of armour.
You have claws for hands.
Your natural rate of healing is unusually fast.
You are covered in fur. (AC +1)
You have tough skin. (AC +1)


Message History

You scratch the orc.
The orc is moderately wounded.
The orc closely misses you.
The orc priest calls upon Beogh to heal the orc.
The orc's wounds heal themselves!
You claw the orc!
You kill the orc!
The orc priest looks satisfied for a moment.
You claw the orc priest!
The orc priest is severely wounded.
You block the orc priest's attack.
You scratch the orc priest.
The orc priest is severely wounded.
The orc priest looks braver for a moment.
You scratch the orc priest but do no damage.
The orc priest is severely wounded.
The orc priest barely misses you.
The howler monkey hoots and howls with incredible vigour!
You hear an angry hiss.
You scratch the orc priest.
You kill the orc priest!
An ogre comes into view. It is wielding a +0 giant club.
You barely miss the orc. The orc closely misses you.
You completely miss the orc. The orc hits you with a +0 mace.
You scratch the orc.
The orc is lightly wounded.
The orc hits you but does no damage.
You claw the orc!
You kill the orc!
You scratch the orc.
The orc is heavily wounded.
The orc barely misses you.
You scratch the orc.
The orc is severely wounded.
The orc priest looks encouraged for a moment.
You block the orc's attack.
The ogre hits you with a +0 giant club!!
* * * LOW HITPOINT WARNING * * *
The orc hits you with a +0 war axe.
You die...

..................#
.................##
..................##
...................#
...................###
.....................#
.........o#.......##.###
##......o##O.####.##...#
##+####ho@..# #......#
####### ###....# ##...#
#...# #...# #..<# #...#
#####


You could see an ogre, a howler monkey, an orc priest and an orc.

Vanquished Creatures
  2 scorpions
  A howler monkey (D:5)
  3 hounds
  2 orc priests
  A gnoll bouda (D:4)
  Jessica (D:2)
  Ijyb (D:3)
  Terence (D:3)
  An iguana (D:5)
  2 orc wizards (D:4)
  6 gnolls
  6 adders
  A shadow imp (D:4)
  An ufetubus (D:5)
  A dart slug (D:4)
  15 orcs
  A ball python (D:1)
  5 endoplasms
  3 giant cockroaches
  7 goblins
  5 hobgoblins
  5 kobolds
  5 frilled lizards
  4 rats
80 creatures vanquished.

Notes
Turn   | Place    | Note
-------+----------+-------------------------------------------
     0 | D:1      | hquester1 the Troll Fighter began the quest for the Orb.
     0 | D:1      | Reached XP level 1. HP: 22/22 MP: 0/0
    31 | D:1      | Reached XP level 2. HP: 29/29 MP: 1/1
   247 | D:1      | Noticed a floating eye
   260 | D:1      | Noticed an eye of devastation
   262 | D:1      | Found a faded altar of an unknown god.
   327 | D:1      | Noticed a great orb of eyes
   332 | D:1      | Noticed a golden eye
   860 | D:2      | Noticed Jessica
   865 | D:2      | Killed Jessica
   866 | D:2      | Reached XP level 3. HP: 35/36 MP: 2/2
  1008 | D:2      | Found a basalt altar of Yredelemnul.
  1395 | D:3      | Reached skill level 1 in Throwing
  1403 | D:3      | Reached XP level 4. HP: 30/44 MP: 3/3
  1409 | D:3      | Reached skill level 1 in Armour
  1566 | D:3      | Reached skill level 3 in Fighting
  1774 | D:3      | Noticed Ijyb
  1786 | D:3      | Killed Ijyb
  1787 | D:3      | Reached XP level 5. HP: 53/53 MP: 4/4
  1836 | D:3      | Noticed Terence
  1843 | D:3      | Killed Terence
  1874 | D:3      | Found a blossoming altar of Fedhas.
  2119 | D:3      | Found a glowing golden altar of the Shining One.
  2169 | D:4      | Reached XP level 6. HP: 59/61 MP: 5/5
  2257 | D:4      | Reached skill level 1 in Maces & Flails
  2771 | D:5      | Entered Level 5 of the Dungeon
  2810 | D:5      | Reached XP level 7. HP: 57/68 MP: 6/6
  2831 | D:5      | Reached skill level 4 in Fighting
  2852 | D:5      | Slain by an orc

Illustrated notes

Levels and vault maps discovered:
D:1:      amcnicky_arrival_flooded_fountain, layout_basic,
          hellmonk_ecumenical_altar_watching_god, grunt_decor_clamped,
          minivault_19, chequers_garden
D:2:      minmay_door_path, layout_loops_ring, basic_altar, skrybe_limestone_x,
          chequers_mini_garden, uniq_jessica
D:3:      layout_loops_ring, fedhas_ov_isle_minmay, tso_oasis_becter,
          dk_vineyard_3, uniq_terence, uniq_ijyb
D:4:      layout_basic
D:5:      layout_rooms, dk_yredelemnul_ordeal, zin_treasury, serial_shops, shop,
          abandoned_shop

Skill      XL: |  1  2  3  4  5  6  7 |
---------------+----------------------+-----
Shields        | 3 |  3.8
Throwing       | 1 2 |  2.4
Armour         | 1 2 |  2.1
Fighting       | 3 4 |  4.0
Dodging        | 3 |  3.4
Unarmed Combat | 3 |  3.5
Maces & Flails | 1 |  1.6

Action                   |  1- 3 |  4- 6 |  7- 9 || total
-------------------------+-------+-------+-------++-------
Melee: Unarmed           |    74 |   136 |    40 ||   250
  Use: Scroll            |     1 |     5 |       ||     6
 Stab: Sleeping          |     1 |     1 |       ||     2
Armor: Robe              |    23 |    37 |    11 ||    71
Dodge: Dodged            |    15 |    52 |    13 ||    80
Block: Kite shield       |    25 |    55 |    16 ||    96

Table legend: (Time is in decaauts)
 A = Elapsed time spent in this place.
 B = Non-inter-level travel time spent in this place.
 C = Inter-level travel time spent in this place.
 D = Time resting spent in this place.
 E = Time spent auto-exploring this place.
 F = Levels seen in this place.
 G = Mean time per level.
                   A        B        C        D        E       F      G
               +--------+--------+--------+--------+--------+-----+--------+
         Total |   2871 |   2781 |     90 |      0 |   2072 |   5 |  574.2 |
       Dungeon |   2871 |   2781 |     90 |      0 |   2072 |   5 |  574.2 |
               +--------+--------+--------+--------+--------+-----+--------+

Top non-repeatable levels by time:
     D:1: 772 daAuts
     D:3: 749 daAuts
     D:4: 638 daAuts
     D:2: 627 daAuts
     D:5: 84 daAuts
